Map: Tropical Sacrifice

Players

Torkk

  • Race: Protoss Protoss
  • Spawn Location: 7:00

Epic - Winner!

  • Race: Terran Terran
  • Spawn Location: 1:00

Event: DreamHack SC2 Masters 2022 Atlanta (Offline)

VOD

Have the link to the VOD?

Description

Time

  • Played on: Nov. 18, 2022, 1:31 p.m.
  • Length: 7:37

All games in this series

Show
View Real Time Build Order
Export as new Build Order

Torkk Protoss 

Build Orders: 1 Gate Expand, Blink Stalkers 

Get SALT Encoding   

  12  0:00  Probe  
  13  0:12  Probe  
  14  0:19  Pylon  
  14  0:24  Probe  
  15  0:37  Probe (Chrono Boost)  
  15  0:39  Gateway  
  16  0:46  Probe (Chrono Boost)  
  16  0:47  Assimilator  
  17  0:52  Probe (Chrono Boost)  
  18  1:04  Probe  
  19  1:16  Probe  
  20  1:26  Nexus  
  20  1:35  Cybernetics Core  
  20  1:37  Probe  
  21  1:45  Assimilator  
  21  1:49  Probe  
  21  1:52  Pylon  
  22  2:03  Probe  
  22  2:09  Adept (Chrono Boost)  
  22  2:13  Warp Gate  
  22  2:15  Probe  
  25  2:26  Twilight Council  
  25  2:29  Probe  
  26  2:36  Stalker  
  28  2:38  Probe  
  28  2:41  Probe  
  30  2:50  Probe  
  31  2:53  Probe  
  31  2:57  Blink (Chrono Boost)  
  32  2:59  Gateway  
  32  3:02  Probe  
  33  3:08  Probe  
  33  3:11  Shield Battery  
  32  3:14  Stalker  
  29  3:38  Probe x2  
  32  3:54  Probe x2  
  32  4:06  Shield Battery, Probe x2  
  32  4:09  Robotics Facility  
  34  4:15  Pylon  
  34  4:20  Probe  
  34  4:21  Probe  
  34  4:22  Stalker x2  
  40  4:33  Probe x2  
  42  4:45  Probe  
  35  4:56  Observer (Chrono Boost)  
  35  4:59  Probe x2  
  37  5:27  Probe (Chrono Boost)  
  37  5:28  Probe (Chrono Boost)  
  39  5:37  Stalker x2  
  39  5:39  Observer, Probe (Chrono Boost)  
  39  5:40  Probe (Chrono Boost)  
  46  5:46  Probe (Chrono Boost)  
  46  5:47  Probe (Chrono Boost)  
  48  5:54  Probe  
  48  5:55  Probe  
  50  6:00  Warp Prism (Chrono Boost), Pylon  
  52  6:06  Probe  
  53  6:13  Probe  
  53  6:18  Probe  
  53  6:20  Stalker x2  
  53  6:25  Probe  
  59  6:32  Probe  
  59  6:38  Pylon  
  59  6:46  Zealot  
  61  6:54  Pylon  
  65  7:04  Gateway  
  65  7:05  Gateway  
  63  7:21  Adept x2  
Show
View Real Time Build Order
Export as new Build Order

Epic Terran - Winner!

Build Orders:  

Get SALT Encoding   

  12  0:00  SCV  
  13  0:12  SCV  
  14  0:17  Supply Depot  
  14  0:24  SCV  
  15  0:38  SCV  
  15  0:40  Barracks  
  16  0:43  Refinery  
  16  0:51  SCV  
  16  0:54  Refinery  
  17  1:03  SCV  
  18  1:15  SCV  
  19  1:27  Reaper, Orbital Command  
  19  1:28  Supply Depot  
  20  1:42  Factory  
  20  1:53  SCV  
  21  1:59  Reaper  
  22  2:05  SCV  
  23  2:17  SCV  
  23  2:22  Command Center  
  24  2:28  Hellion  
  26  2:30  SCV  
  26  2:32  Barracks Reactor  
  27  2:42  SCV  
  28  2:44  Starport  
  28  2:49  Supply Depot  
  28  2:53  Widow Mine  
  28  2:56  SCV  
  31  3:10  Marine x2  
  31  3:11  SCV  
  34  3:15  Widow Mine  
  36  3:21  Medivac  
  36  3:26  SCV  
  39  3:34  Marine x2  
  41  3:37  Widow Mine  
  41  3:39  Orbital Command  
  41  3:40  SCV  
  44  3:45  Barracks  
  44  3:55  SCV  
  44  3:57  Supply Depot  
  44  3:59  Marine x2, Starport Tech Lab  
  44  4:00  Factory Tech Lab  
  47  4:04  SCV  
  47  4:08  SCV  
  49  4:16  SCV, Raven  
  52  4:20  SCV  
  52  4:21  Siege Tank  
  56  4:24  Supply Depot  
  56  4:28  SCV  
  56  4:31  Refinery  
  57  4:32  SCV  
  55  4:42  Marine x2  
  55  4:44  SCV x2, Barracks Tech Lab  
  58  4:47  Engineering Bay  
  58  4:55  Siege Tank  
  58  4:59  SCV x2  
  63  5:01  Refinery  
  63  5:03  Supply Depot  
  63  5:05  Stimpack  
  63  5:08  Barracks  
  63  5:11  SCV x2  
  61  5:14  Marauder, Marine  
  61  5:15  Marine  
  61  5:18  Starport Reactor  
  65  5:22  Bunker  
  65  5:24  SCV  
  65  5:25  SCV  
  65  5:27  Terran Infantry Weapons Level 1  
  63  5:32  Marine  
  63  5:33  Marine  
  65  5:36  Supply Depot  
  65  5:37  SCV x2  
  65  5:40  Marauder  
  69  5:50  SCV x2  
  69  5:53  Medivac x2  
  69  5:56  Marauder  
  77  5:57  Marine x2  
  77  6:01  Supply Depot, Marauder  
  77  6:03  Combat Shield  
  80  6:08  Supply Depot  
  80  6:13  Siege Tank  
  83  6:19  Marauder, Marine  
  83  6:22  Marauder, Marine  
  83  6:23  Supply Depot  
  89  6:35  Command Center  
  89  6:37  Medivac  
  90  6:40  Medivac  
  90  6:44  Marauder x2  
  95  6:48  Concussive Shells, Marine x2  
  95  6:53  Supply Depot  
  97  6:57  Siege Tank  
  99  7:07  Marine  
  99  7:08  Marauder x2, Marine  
  105  7:18  Barracks  
  105  7:19  Barracks  
  109  7:33  Supply Depot  
  109  7:34  Supply Depot  
Tags
 
Add a new tag
Caveats
  • Supply blocks, unpowered buildings, or Contaminate may cause inaccurate times.
  • Supply counts are checked every 10 seconds.